 Dungeon Crawl Stone Soup version 0.17.1-2-g5865329 (webtiles) character file.

657 PossumBlood the Cleaver (level 7, -20/57 HPs)
             Began as a Minotaur Berserker on Jan 24, 2016.
             Was a Priest of Trog.
             Demolished by an ogre
             ... wielding a +0 giant club
              (30 damage)
             ... on level 4 of the Dungeon.
             The game lasted 00:14:54 (3441 turns).

PossumBlood the Cleaver (Minotaur Berserker)        Turns: 3441, Time: 00:14:54

Health: -20/57     AC:  5    Str: 23    XL:     7   Next: 29%
Magic:  6/6        EV: 12    Int:  4    God:    Trog [***...]
Gold:   46         SH:  0    Dex: 10    Spells: 0 memorised, 6 levels left

rFire  + . .     SeeInvis .     a - +0 hand axe
rCold  x . .     Clarity  .     b - +1 animal skin
rNeg   . . .     SustAt   .     (no shield)
rPois  .         Gourm    .     (helmet restricted)
rElec  .         Spirit   .     d - +0 cloak
rCorr  +         Warding  .     t - +0 pair of gloves
rMut   .         Stasis   .     (no boots)
MR     .....                    f - amulet of resist corrosion
Stlth  +.........               x - ring of wizardry
                                g - ring of fire

@: not resistant to hostile enchantments, very unstealthy
A: retaliatory headbutt, horns 2
a: Berserk, Trog's Hand, Burn Spellbooks, Renounce Religion


You were on level 4 of the Dungeon.
You worshipped Trog.
Trog was most pleased with you.
You were not hungry.

You visited 1 branch of the dungeon, and saw 4 of its levels.
You also visited: Sewer.

You collected 169 gold pieces.
You spent 123 gold pieces at shops.

Inventory:

Hand Weapons
 a - a +0 hand axe (weapon)
 u - a +0 scythe of slicing
Armour
 b - a +1 animal skin (worn)
 d - a +0 cloak (worn)
 t - a +0 pair of gloves (worn)
Jewellery
 f - an amulet of resist corrosion (around neck)
 g - a ring of fire (left hand)
 k - an uncursed amulet of the gourmand
 x - a ring of wizardry (right hand)
Scrolls
 c - a scroll of immolation {unknown}
 h - 3 scrolls of remove curse
 l - a scroll of teleportation
 m - a scroll of recharging
 q - a scroll of enchant armour
 v - a scroll of fear
 w - a scroll of identify
 y - a scroll of fog {unknown}
Potions
 e - 2 potions of invisibility
 i - a potion of lignification
 j - a potion of poison {unknown}
 n - 3 potions of flight {unknown}
 o - a potion of beneficial mutation {unknown}
 r - 3 potions of cancellation
 s - a potion of resistance {unknown}
 z - 2 potions of brilliance {unknown}
 A - a potion of heal wounds {unknown}
 B - a potion of mutation {unknown}
 C - a potion of curing
 D - a potion of magic {unknown}
Comestibles
 p - a meat ration


   Skills:
 - Level 3.6 Fighting
 + Level 10.2 Axes
 - Level 2.4 Armour
 - Level 2.1 Dodging


You had 6 spell levels left.
You didn't know any spells.

Dungeon Overview and Level Annotations

Branches:
Dungeon (4/15)
 Temple: D:4-7

Altars:
Kikubaaqudgha
Trog

Shops:
D:4 *


Innate Abilities, Weirdness & Mutations

You reflexively headbutt those who attack you in melee.
You have a pair of horns on your head.


Message History

You slash the ogre!
The ogre is severely wounded.
You hit the ogre. Your headbutt misses the ogre.
The ogre is severely wounded.
The ogre hits you with a giant club!
* * * LOW HITPOINT WARNING * * *
You are too injured to fight recklessly!
You are too injured to fight recklessly!
You are too injured to fight recklessly!
Drink which item? (? for menu, Esc to quit)
You feel better. The ogre hits you with a giant club!
* * * LOW HITPOINT WARNING * * *
You barely miss the ogre. You headbutt the ogre!
The ogre is almost dead.
You barely miss the ogre.
You headbutt the ogre, but do no damage.
The ogre is almost dead.
The ogre hits you with a giant club!!
Ouch! That really hurt!
You die...

######.......... #
#.......... #
#..........## #
#............ #
#...........# #
#...........# #
#...........# #
#..........O# #
##'########@######## #
#.# #.#......# # #.#
#.#.####.# #.# #.#.#
#.# #.# #.#.# #.#
#####'########.#.####.#
#....[...........#....#
#
#..............###.####
# #..............#
#.#..######


You could see an ogre.

Vanquished Creatures
  Sigmund (D:3)
  A big kobold (Sewer)
  2 vampire bats (D:3)
  A hound (D:4)
  An orc wizard (D:4)
  Crazy Yiuf (D:2)
  A giant frog skeleton (D:4)
  An iguana (D:4)
  A worker ant (D:4)
  Robin (D:4)
  4 gnolls (D:2)
  2 adders
  3 river rats (Sewer)
  2 oozes
  3 worms
  2 giant geckos
  3 orcs
  2 bat skeletons (D:3)
  3 bat zombies (D:3)
  4 giant cockroaches
  9 hobgoblins
  4 quokkas
  3 bats
  4 giant newts
  10 goblins
  2 jackals (Sewer)
  14 kobolds
  12 rats
97 creatures vanquished.

Notes
Turn   | Place    | Note
--------------------------------------------------------------
     0 | D:1      | PossumBlood the Minotaur Berserker began the quest for the Orb.
     0 | D:1      | Reached XP level 1. HP: 19/19 MP: 0/0
    15 | D:1      | Reached skill level 4 in Axes
    86 | D:1      | Reached XP level 2. HP: 26/26 MP: 1/1
   900 | D:2      | Reached skill level 5 in Axes
   998 | D:2      | Reached XP level 3. HP: 20/31 MP: 2/2
  1257 | D:2      | Reached ** piety under Trog
  1257 | D:2      | Reached skill level 6 in Axes
  1257 | D:2      | Reached XP level 4. HP: 5/39 MP: 3/3
  1681 | D:2      | Noticed Crazy Yiuf
  1684 | D:2      | Killed Crazy Yiuf
  2154 | D:3      | Reached XP level 5. HP: 45/45 MP: 4/4
  2185 | D:3      | Noticed Sigmund
  2198 | D:3      | Killed Sigmund
  2198 | D:3      | Reached skill level 8 in Axes
  2198 | D:3      | Reached XP level 6. HP: 15/51 MP: 5/5
  2430 | D:3      | Found an ancient bone altar of Kikubaaqudgha.
  2506 | D:3      | Noticed a moth of wrath
  2510 | D:3      | Found a bloodstained altar of Trog.
  2627 | D:4      | Found Limef's General Store.
  2644 | D:4      | Bought a +0 pair of gloves for 58 gold pieces
  2644 | D:4      | Bought a scroll of remove curse for 39 gold pieces
  2644 | D:4      | Bought a scroll of identify for 26 gold pieces
  2690 | D:4      | Reached skill level 9 in Axes
  2748 | D:4      | Reached *** piety under Trog
  2750 | D:4      | Noticed Robin
  2758 | D:4      | Killed Robin
  2963 | D:4      | Reached XP level 7. HP: 55/57 MP: 6/6
  3048 | D:4      | Found a glowing drain.
  3064 | Sewer    | Entered a sewer
  3290 | Sewer    | Reached skill level 10 in Axes
  3304 | Sewer    | Found a white marble altar of Elyvilon.
  3441 | D:4      | Demolished by an ogre

Action                   |  1- 3 |  4- 6 |  7- 9 || total
-------------------------+-------+-------+-------++-------
Melee: Hand axe          |    63 |    97 |    65 ||   225
Invok: Berserk           |     1 |     1 |       ||     2
  Use: Scroll            |       |    11 |       ||    11
       Potion            |       |     1 |     1 ||     2
 Stab: Sleeping          |       |     1 |     1 ||     2
  Eat: Beef jerky        |     1 |       |       ||     1
       Pizza             |       |     2 |       ||     2
       Bread ration      |       |     1 |     1 ||     2
